 Dungeon Crawl Stone Soup version 0.30.0-29-ga12c61a403 (webtiles) character file.

Game seed: 8749465466604253802

4 AIAndy the Sneak (level 1, 0/15 HPs)
             Began as a Demonspawn Wanderer on June 14, 2023.
             Slain by a hobgoblin (3 damage)
             ... on level 1 of the Dungeon.
             The game lasted 00:01:34 (85 turns).

AIAndy the Sneak (Demonspawn Wanderer)                Turns: 85, Time: 00:01:34

Health: 0/15       AC:  3    Str: 13    XL:     1   Next: 50%
Magic:  1/1        EV: 10    Int:  9    God:
Gold:   0          SH:  0    Dex: 15    Spells: 0/0 levels left

rFire   . . .        a - +2 dagger
rCold   . . .        (no shield)
rNeg    . . .        f - +0 leather armour
rPois   .            (no helmet)
rElec   .            (no cloak)
rCorr   .            (no gloves)
SInv    .            (no boots)
Will    .....        (no amulet)
Stlth   ++           (no ring)
HPRegen 0.22/turn    (no ring)
MPRegen 0.07/turn

%: no passive effects
@: no status effects
A: no striking features
a: no special abilities


You were on level 1 of the Dungeon.
You visited 1 branch of the dungeon, and saw 1 of its levels.

Inventory:

Hand Weapons
 a - a +2 dagger (weapon)
 c - a +0 mace
Armour
 f - a +0 leather armour (worn)
Scrolls
 b - a scroll of blinking
 d - a scroll of vulnerability
Potions
 e - a potion of might


   Skills:
 + Level 1.6 Fighting
 - Level 3.6 Maces & Flails
 - Level 1.0 Armour
 - Level 3.6 Stealth


You couldn't memorise any spells.
You didn't know any spells.
Your spell library contained the following spells:

 Spells                   Type           Power      Damage    Failure   Level
 Magic Dart               Conj           0%         1d3       45%         1
 Searing Ray              Conj           0%         2d4       61%         2
 Fulminant Prism          Conj/Hex       0%         3d5       99%         4


Dungeon Overview and Level Annotations

Branches:
Dungeon (1/15)

Altars:


Message History

You are frozen.
The goblin hits you with a +0 dagger. The endoplasm attacks as you move away!
The endoplasm closely misses you.
A hobgoblin comes into view.
The goblin attacks as you move away! The goblin hits you with a +0 dagger.
The endoplasm attacks as you move away! The endoplasm hits you.
* * * LOW HITPOINT WARNING * * *
The goblin attacks as you move away! The goblin barely misses you.
The endoplasm jiggles.
The hobgoblin shouts!
You hit the endoplasm.
The endoplasm is lightly wounded.
The endoplasm closely misses you.
You hit the endoplasm.
The endoplasm is moderately wounded.
The endoplasm freezes you.
You are frozen.
* * * LOW HITPOINT WARNING * * *
You hit the endoplasm.
The endoplasm is severely wounded.
The endoplasm misses you.
You hit the endoplasm.
You kill the endoplasm!
You barely miss the goblin. The goblin closely misses you.
You closely miss the goblin. The goblin hits you with a +0 dagger.
* * * LOW HITPOINT WARNING * * *
You hit the goblin.
The goblin is moderately wounded.
The goblin barely misses you.
You closely miss the goblin.
The goblin is moderately wounded.
The goblin closely misses you.
You closely miss the goblin.
The goblin is moderately wounded.
The goblin hits you but does no damage.
You hit the goblin.
You kill the goblin!
You hit the hobgoblin.
The hobgoblin is almost dead.
The hobgoblin hits you.
You die...

####.### #####...... .........#
#....# ####....# #.......# ..
#.###...# #. ################g#
.. ...............#@# .
.8)8.#+#'#.8.8.#.# .#
..8..#.<.#..8..#.########.#
.8.8.#####.8.8.#....##....##..#
...............####...........#
##...⌠...⌠...#### ####.######.#
##....8.(..###.# #.#
##.⌠...⌠.## #.## #.# ##.....##
#..#####.#


You could see a hobgoblin.

Vanquished Creatures
  An endoplasm (D:1)
  A giant cockroach (D:1)
  A goblin (D:1)
3 creatures vanquished.

Notes
Turn   | Place    | Note
-------+----------+-------------------------------------------
     0 | D:1      | AIAndy the Demonspawn Wanderer began the quest for the Orb.
     0 | D:1      | AIAndy set off with the following items: a +2 dagger, a
                  | scroll of blinking, a +0 mace, a scroll of vulnerability, a
                  | potion of might, a +0 leather armour.
     0 | D:1      | Reached XP level 1. HP: 15/15 MP: 1/1
    85 | D:1      | Slain by a hobgoblin

Illustrated notes

Levels and vault maps discovered:
D:1:      ncdulo_halloftheorcs, layout_loops_ring,
          hellmonk_ecumenical_altar_heavens_door

Action                     || total
---------------------------++-------
  Melee: Dagger            ||    17
 Armour: Leather armour    ||     3
  Dodge: Dodged            ||    10
